 Dungeon Crawl Stone Soup version 0.18.1-6-gd335043 (webtiles) character file.

268206 Moloch the Executioner (level 19, -4/177 HPs)
             Began as a Demonspawn Berserker on May 15, 2016.
             Was the Champion of Trog.
             Slain by Mennas
             ... wielding a +3 eudemon blade of holy wrath
              (5 damage)
             ... on level 2 of the Vaults on May 16, 2016.
             The game lasted 01:56:05 (37886 turns).

Moloch the Executioner (Demonspawn Berserker)      Turns: 37886, Time: 01:56:06

Health: -4/177     AC: 20    Str: 22    XL:     19   Next: 37%
Magic:  0/19       EV:  9    Int:  9    God:    Trog [******]
Gold:   1029       SH:  0    Dex: 16    Spells: 0 memorised, 18 levels left

rFire  + + .     SeeInvis +     z - +5 executioner's axe (flame)
rCold  + + .     Gourm    .     e - +5 chain mail {rF+}
rNeg   . . .     Faith    +     (shield currently unavailable)
rPois  .         Spirit   +     (helmet restricted)
rElec  .         Dismiss  .     y - +0 cloak {MR+}
rCorr  .         Reflect  .     U - +0 pair of gloves
SustAt .         Harm     .     (boots unavailable)
MR     ++...                    I - amulet of faith
Stlth  ..........               w - ring of see invisible
                                C - ring of protection from fire

@: exhausted, slowed, glowing, silenced, very slow, very resistant to hostile
enchantments, extremely unstealthy
A: antennae 2, hooves 3, thin skeletal structure 3, blurry vision 1, clumsy 2,
cold resistance 2, powered by death 3, robust 2, weak 1, wild magic 1, magic
shield, magic regeneration
a: Renounce Religion
}: 2/15 runes: decaying, serpentine


You were on level 2 of the Vaults.
You worshipped Trog.
Trog was exalted by your worship.
You were very hungry.

You visited 7 branches of the dungeon, and saw 36 of its levels.
You visited 1 bazaar.
You also visited: Ice Cave and Volcano.

You collected 3968 gold pieces.
You spent 2939 gold pieces at shops.

Inventory:

Hand Weapons
 f - a +0 executioner's axe of flaming
 z - a +5 executioner's axe of flaming (weapon)
 J - the +7 hand axe of the Original Sin {antimagic, +Inv rPois}
   (You found it on level 7 of the Dungeon)

   It disrupts the flow of magical energy around spellcasters and certain
   magical creatures (including the wielder).
   It protects you from poison.
   It lets you turn invisible.
 S - a +5 antimagic battleaxe
 X - a +5 battleaxe of freezing
Armour
 e - a +5 chain mail of fire resistance (worn)
 x - the +4 chain mail "Faen" {rN++ Int-4 Dex+7}
   (You bought it in a shop on level 1 of the Snake Pit)

   It affects your intelligence (-4).
   It affects your dexterity (+7).
   It greatly protects you from negative energy.
 y - a +0 cloak of magic resistance (worn)
 D - the cursed +0 plate armour of Whack-A-Mole {-Tele MR++ rCorr Dex+8}
   (You bought it in a shop in a bazaar)

   It affects your dexterity (+8).
   It affects your resistance to hostile enchantments.
   It prevents most forms of teleportation.
   It protects you from acid and corrosion.
   It has a curse placed upon it.
 F - the +7 plate armour of Huatifu {*Confuse rElec Regen+ Str+2}
   (You bought it in a shop on level 11 of the Dungeon)

   It affects your strength (+2).
   It insulates you from electricity.
   It increases your rate of regeneration.
   It may confuse you when you take damage.
 U - a +0 pair of gloves (worn)
Jewellery
 g - an uncursed ring of sustain attributes
 w - a ring of see invisible (right hand)
 C - a ring of protection from fire (left hand)
 I - an amulet of faith (around neck)
 Z - the ring "Ostrior" {rC+ rN+}
   (You found it on level 3 of the Snake Pit)

   [ring of protection from cold]

   It protects you from cold.
   It protects you from negative energy.
Wands
 s - a wand of teleportation (5/9)
 Q - a wand of lightning (11/15)
 W - a wand of disintegration (22/24)
Scrolls
 b - 20 scrolls of remove curse
 k - 4 scrolls of torment
 n - 10 scrolls of teleportation
 v - 6 scrolls of magic mapping
 L - 3 scrolls of recharging
 M - a scroll of acquirement
 O - 13 scrolls of identify
 P - 4 scrolls of fog
 R - 3 scrolls of fear
 T - 4 scrolls of blinking
 Y - 2 scrolls of enchant armour
Potions
 a - 2 potions of cure mutation
 d - 22 potions of curing
 j - 10 potions of haste
 l - 5 potions of heal wounds
 m - 2 potions of resistance
 o - 2 potions of magic
 p - 8 potions of lignification
 q - a potion of cancellation
 r - 2 potions of ambrosia
 t - 4 potions of invisibility
 u - 9 potions of brilliance
 A - 6 potions of agility
 E - 4 potions of berserk rage
 G - 6 potions of might
 H - 3 potions of flight
 V - a potion of experience
Comestibles
 c - 19 bread rations
 i - 5 fruits
 B - 16 beef jerkies
 K - 12 meat rations


   Skills:
 - Level 12.8 Fighting
 + Level 25.6 Axes
 - Level 11.3 Armour
 - Level 1.7 Dodging


You had 18 spell levels left.
You didn't know any spells.

Dungeon Overview and Level Annotations

Branches:
Dungeon (15/15)            Temple (1/1) D:5            Lair (8/8) D:8
  Swamp (4/4) Lair:4        Snake (4/4) Lair:6        Slime (0/6) Lair:6
    Orc (2/2) D:9             Elf (0/3) Orc:2        Vaults (2/5) D:13
  Crypt (0/3) Vaults:2     Depths (0/5) D:15

Altars:
Ashenzari
Cheibriados
Dithmenos
Elyvilon
Fedhas
Gozag
Kikubaaqudgha
Makhleb
Nemelex Xobeh
Okawaru
Pakellas
Qazlal
Ru
Sif Muna
Trog
Vehumet
Xom
Yredelemnul
Zin
The Shining One
Beogh

Shops:
D:11 [   D:12 (   Orc:2 !?([   Snake:1 =(![

Annotations:
Lair:1 exclusion: oklob plant
Vaults:2 Mennas


Innate Abilities, Weirdness & Mutations

You have hooves in place of feet.
You have an unnaturally thin skeletal structure (Dex +6, Stealth++).
You regenerate a lot of health from kills.
You are very robust (+20% HP).
When hurt, damage is shared between your health and your magic reserves.
You regenerate magic rapidly.
You have a pair of antennae on your head.
Scrolls take you a little longer to read.
You are very clumsy. (Dex -4)
Your flesh is very cold resistant.
You are weak. (Str -2)
Your spells are a little harder to cast, but a little more powerful.


Message History

You are exhausted.
You feel yourself slow down.
You are feeling hungry.
Things that are here:
an arbalest; 16 bolts; a yaktaur corpse Unknown command.
Mennas hits you but does no damage.
Mennas hits you with an eudemon blade of holy wrath.
* * * LOW HITPOINT WARNING * * *
You convulse.
* * * LOW HITPOINT WARNING * * *
Drink which item? (? for menu, Esc to quit)
You feel much better.
You are feeling very hungry.
Mennas hits you with an eudemon blade of holy wrath!!
* * * LOW HITPOINT WARNING * * *
You convulse!
* * * LOW HITPOINT WARNING * * *
Mennas hits you with an eudemon blade of holy wrath.
You die...

.#..###.###..#
.#..##.#.##..#
.#..#.#.#)#..########
##...#.#.#...#......#
#..#.#.#.#..#......#
#..##.#.##..#......#
#..###.###..#......#
#...........#......#
#...........'..@A..#
#################'##
#..).)......
#.#........# #
...##....# .##.#
...#. #. ... .... #
+## ###


You could see Mennas.

Vanquished Creatures
  Norris (Snake:4)
  Nikola (Swamp:1)
  A bone dragon (Vaults:2)
  Frances (D:14)
  2 thorn hunters
  A storm dragon (Vaults:2)
  11 greater nagas
  Wiglaf (Vaults:1)
  Aizul (Snake:2)
  3 vault wardens (Vaults:1)
  An orc warlord (Orc:2)
  A stone giant (Vaults:2)
  2 ironheart preservers
  2 blizzard demons (IceCv)
  The ghost of pedritolo the Bludgeoner, a journeyman OgSu of Cheibriados (Orc:2)
  A fire dragon (D:15)
  A deep elf death mage (Vaults:2)
  2 vault guards (Vaults:1)
  The ghost of puimuR the Basher, a journeyman TrWr of the Shining One (Orc:1)
  Josephine (D:13)
  A yaktaur captain (Vaults:2)
  An ice dragon (D:15)
  22 hydras
  10 naga warriors
  A great orb of eyes (Vaults:2)
  A ghost crab (Swamp:4)
  An ogre mage (Vaults:2)
  A death knight (Vaults:2)
  6 alligators
  2 catoblepae (Lair:7)
  20 anacondas
  A centaur warrior (D:13)
  2 dancing weapons (D:13)
  5 death yaks (Lair:6)
  Urug (D:10)
  2 orc high priests
  8 shock serpents
  A deep elf knight (Vaults:2)
  15 naga sharpshooters
  2 fire crabs
  A hell knight (Volcano)
  12 sea snakes
  3 unseen horrors
  4 salamander mystics
  An unseen horror (shapeshifter) (Vaults:1)
  A shambling mangrove (Swamp:4)
  3 spriggan druids (Swamp:4)
  A giant orange brain (Vaults:1)
  3 deep elf archers
  Pikel (D:6)
  8 swamp dragons
  9 naga ritualists
  A lindwurm (Lair:4)
  6 orc knights
  3 wizards
  A wolf spider zombie (D:14)
  4 hill giants
  A necromancer (D:15)
  8 deep elf magi
  4 ironbrand convokers
  2 wolf spiders (Lair:8)
  3 hornets
  An orb spider (shapeshifter) (Vaults:1)
  3 harpies (Vaults:1)
  2 griffons
  8 mana vipers
  17 salamanders
  A hornet (shapeshifter) (Vaults:1)
  12 ugly things
  4 orc sorcerers
  4 elephants (Lair:8)
  9 cyclopes
  23 naga magi
  4 ice statues (IceCv)
  14 guardian serpents
  4 vault sentinels (Vaults:1)
  62 black mambas
  2 centaur zombies
  A toenail golem (Volcano)
  A gargoyle (D:11)
  2 rime drakes (Lair:5)
  27 spiny frogs
  2 efreet (D:14)
  12 ice devils (IceCv)
  An anaconda simulacrum (IceCv)
  A freezing wraith (Vaults:2)
  9 komodo dragons
  A red devil (Volcano)
  10 trolls
  A redback zombie (D:15)
  2 polar bears
  7 two-headed ogres
  9 giant leeches
  6 bog bodies
  27 slime creatures
  3 blink frogs
  A boulder beetle (shapeshifter) (Vaults:2)
  3 boulder beetles
  A centaur simulacrum (D:13)
  2 shadows
  3 dire elephant simulacra (IceCv)
  7 spriggans
  7 wraiths
  3 hungry ghosts
  4 basilisks
  A human (D:8)
  5 wyverns
  50 yaks
  A fire elemental (Lair:4)
  9 hippogriffs
  16 vampire mosquitoes
  5 wargs (Orc:2)
  A mottled dragon (D:14)
  51 nagas
  17 swamp worms
  A yaktaur simulacrum (Vaults:2)
  A soldier ant (D:11)
  5 harpy simulacra (IceCv)
  15 insubstantial wisps
  An iron troll simulacrum (IceCv)
  2 hell hounds (Volcano)
  29 water moccasins
  4 porcupines
  Duvessa (D:6)
  13 swamp drakes
  15 wasps
  12 ice beasts
  A black bear (D:7)
  54 orc warriors
  3 slaves (D:6)
  An eye of draining (shapeshifter) (Vaults:1)
  A sky beast (D:11)
  2 phantoms
  18 ogres
  12 wolves
  8 centaurs
  The ghost of Hipnos the Covered, an amateur GrFi of Qazlal (D:3)
  16 crocodiles
  3 big kobolds
  18 giant frogs
  Dowan (D:6)
  4 scorpions
  16 wights
  6 killer bees (D:14)
  3 howler monkeys
  3 electric eels (Snake:3)
  13 crimson imps
  A wasp zombie (D:10)
  A giant frog zombie (D:9)
  A quasit (D:10)
  A gnoll shaman (D:4)
  7 hounds
  23 orc priests
  16 jellies
  38 orc wizards
  A giant frog skeleton (D:12)
  7 iguanas
  15 worker ants
  A killer bee zombie (D:7)
  19 sheep
  2 hound skeletons
  3 worker ant zombies
  5 gnolls (D:4)
  82 river rats
  24 adders
  4 shadow imps
  A white imp (Vaults:2)
  7 oozes
  An adder zombie (D:8)
  5 worms
  2 dart slugs
  4 giant geckos
  161 orcs
  4 giant cockroaches
  6 goblins
  A hobgoblin (D:2)
  9 jackals
  19 kobolds
  4 quokkas
  3 ball pythons (D:2)
  18 bats
  5 giant newts
  A jackal skeleton (D:4)
  A quokka skeleton (D:4)
  18 rats
  25 fungi
  20 plants
1547 creatures vanquished.

Vanquished Creatures (collateral kills)
  A hydra (D:14)
  Sonja (D:14)
  2 orc warriors (Orc:2)
  2 orc priests
  2 orc wizards
  4 orcs
12 creatures vanquished.

Vanquished Creatures (others)
  A centaur (D:6)
  34 fungi
  16 plants
51 creatures vanquished.

Grand Total: 1610 creatures vanquished

Notes
Turn   | Place    | Note
--------------------------------------------------------------
     0 | D:1      | Moloch the Demonspawn Berserker began the quest for the Orb.
     0 | D:1      | Reached XP level 1. HP: 18/18 MP: 1/1
   485 | D:1      | Reached skill level 3 in Axes
   607 | D:1      | Gained mutation: You have a somewhat thin skeletal structure (Dex +2, Stealth). [demonic ancestry]
   607 | D:1      | Reached XP level 2. HP: 21/24 MP: 2/2
  1283 | D:2      | Reached XP level 3. HP: 26/29 MP: 3/3
  1320 | D:2      | Reached ** piety under Trog
  1570 | D:2      | Reached skill level 4 in Axes
  1892 | D:2      | Noticed a moth of wrath
  1895 | D:2      | Found a bloodstained altar of Trog.
  2038 | D:2      | Gained mutation: You have large cloven feet. [demonic ancestry]
  2038 | D:2      | Reached XP level 4. HP: 35/35 MP: 4/4
  2478 | D:3      | Reached skill level 5 in Axes
  2544 | D:3      | Reached *** piety under Trog
  2544 | D:3      | Gained mutation: You regenerate a little health from kills. [demonic ancestry]
  2544 | D:3      | Reached XP level 5. HP: 41/41 MP: 5/5
  2630 | D:3      | Noticed Hipnos's ghost (amateur GrFi)
  2653 | D:3      | Killed Hipnos's ghost
  2897 | D:4      | Noticed an ogre
  2900 | D:4      | Reached skill level 6 in Axes
  2907 | D:4      | Killed an ogre
  2907 | D:4      | Gained mutation: You have hoof-like feet. [demonic ancestry]
  2907 | D:4      | Reached XP level 6. HP: 45/47 MP: 6/6
  3079 | D:4      | Reached skill level 7 in Axes
  3243 | D:4      | Reached XP level 7. HP: 52/52 MP: 7/7
  3341 | D:4      | Reached **** piety under Trog
  3541 | D:4      | Found a roughly hewn altar of Beogh.
  3547 | D:4      | Reached skill level 8 in Axes
  3637 | D:5      | Entered Level 5 of the Dungeon
  3641 | D:5      | Got a transparent ring mail
  3666 | D:4      | Identified the +2 ring mail of Tartarus {Str-5 Int+8} (You found it on level 5 of the Dungeon)
  3976 | D:5      | Reached skill level 9 in Axes
  3976 | D:5      | Reached XP level 8. HP: 58/58 MP: 8/8
  4614 | D:5      | Found a staircase to the Ecumenical Temple.
  4620 | Temple   | Entered the Ecumenical Temple
  4718 | D:6      | Noticed Duvessa
  4718 | D:6      | Noticed Dowan
  4727 | D:6      | Killed Dowan
  4731 | D:6      | Killed Duvessa
  4731 | D:6      | Reached skill level 10 in Axes
  5189 | D:6      | Noticed Pikel
  5202 | D:6      | Killed Pikel
  5202 | D:6      | Reached skill level 11 in Axes
  5202 | D:6      | Gained mutation: When hurt, damage is shared between your health and your magic reserves. [demonic ancestry]
  5202 | D:6      | Reached XP level 9. HP: 63/63 MP: 9/9
  5458 | D:6      | Found a white marble altar of Elyvilon.
  5458 | D:6      | Found a glowing golden altar of the Shining One.
  5459 | D:6      | Found a glowing silver altar of Zin.
  5478 | D:6      | Found an iron altar of Okawaru.
  5664 | D:7      | Reached ***** piety under Trog
  5840 | D:7      | Got a warped hand axe
  5841 | D:7      | Identified the +7 hand axe of the Original Sin {antimagic, +Inv rPois} (You found it on level 7 of the Dungeon)
  6536 | D:7      | Reached skill level 12 in Axes
  6799 | D:8      | Found a basalt altar of Yredelemnul.
  7016 | D:8      | Found a radiant altar of Vehumet.
  7016 | D:8      | Found a basalt altar of Yredelemnul.
  7018 | D:8      | Found a shimmering altar of Xom.
  7018 | D:8      | Found a deep blue altar of Sif Muna.
  7279 | D:8      | Found a staircase to the Lair.
  7408 | D:9      | Noticed a troll
  7412 | D:9      | Reached skill level 13 in Axes
  7416 | D:9      | Reached XP level 10. HP: 70/70 MP: 1/10
  7688 | D:9      | Reached ****** piety under Trog
  8059 | D:9      | Found a staircase to the Orcish Mines.
  8081 | D:9      | Reached skill level 14 in Axes
  8404 | Orc:1    | Entered Level 1 of the Orcish Mines
  8409 | Orc:1    | Noticed puimuR's ghost (journeyman TrWr)
  8416 | Orc:1    | Received a gift from Trog
  8749 | Orc:1    | Killed puimuR's ghost
  9212 | Orc:1    | Noticed an orc sorcerer
  9223 | Orc:1    | Killed an orc sorcerer
  9384 | Orc:1    | Noticed an orc high priest
  9387 | Orc:1    | Noticed a smoke demon
  9398 | Orc:1    | Killed an orc high priest
  9398 | Orc:1    | Reached skill level 15 in Axes
  9398 | Orc:1    | Reached XP level 11. HP: 24/75 MP: 1/11
  9530 | Orc:2    | Entered Level 2 of the Orcish Mines
  9561 | Orc:2    | Received a gift from Trog
  9629 | Orc:2    | Found a roughly hewn altar of Beogh.
  9875 | Orc:2    | Noticed an orc high priest
 10047 | Orc:2    | Noticed a soul eater
 10050 | Orc:2    | Killed an orc high priest
 10111 | Orc:2    | Noticed an orc knight
 10428 | Orc:2    | Killed an orc knight
 10610 | Orc:2    | Noticed an orc warlord
 10611 | Orc:2    | Noticed an orc sorcerer
 10644 | Orc:2    | Killed an orc warlord
 10648 | Orc:2    | Killed an orc sorcerer
 10648 | Orc:2    | Reached skill level 16 in Axes
 10691 | Orc:2    | Noticed an orc sorcerer
 10733 | Orc:2    | Killed an orc sorcerer
 10865 | Orc:2    | Found a roughly hewn altar of Beogh.
 10865 | Orc:2    | Found Yruda's Antique Armour Shoppe.
 10884 | Orc:2    | Found Verchoadu's Antique Weapon Emporium.
 11003 | Orc:2    | Noticed pedritolo's ghost (journeyman OgSu)
 11132 | Orc:2    | Killed pedritolo's ghost
 11372 | Orc:2    | Gained mutation: You have hooves in place of feet. [demonic ancestry]
 11372 | Orc:2    | Reached XP level 12. HP: 60/84 MP: 4/12
 11458 | Orc:2    | Received a gift from Trog
 11566 | Orc:2    | Found a roughly hewn altar of Beogh.
 11569 | Orc:2    | Found Ralad's Distillery.
 11633 | Orc:2    | Found a roughly hewn altar of Beogh.
 12025 | Orc:2    | Found a roughly hewn altar of Beogh.
 12085 | Orc:2    | Found Jijic's Magic Scroll Shop.
 12091 | Orc:2    | Bought a scroll of fear for 38 gold pieces
 12142 | Orc:2    | Received a gift from Trog
 12188 | Orc:2    | Found a roughly hewn altar of Beogh.
 12231 | Orc:2    | Found a staircase to the Elven Halls.
 12356 | Lair:1   | Entered Level 1 of the Lair of Beasts
 12481 | Lair:1   | Reached skill level 17 in Axes
 14136 | Lair:2   | Noticed a seven-headed hydra
 14228 | Lair:2   | Killed a five-headed hydra
 14568 | Lair:3   | Received a gift from Trog
 14827 | Lair:3   | Noticed a five-headed hydra
 14836 | Lair:3   | Killed a three-headed hydra
 14836 | Lair:3   | Reached skill level 18 in Axes
 15713 | Lair:4   | Gained mutation: You regenerate health from kills. [demonic ancestry]
 15713 | Lair:4   | Reached XP level 13. HP: 39/90 MP: 1/13
 16052 | Lair:4   | Found a dark tunnel.
 16108 | Volcano  | Entered a volcano
 16347 | Lair:4   | Received a gift from Trog
 16416 | Lair:4   | Got a shimmering war axe
 16417 | Lair:4   | Identified the cursed +1 war axe "Leizaq" {chop, rElec Dex-5 SInv} (You found it on level 4 of the Lair of Beasts)
 16671 | Lair:4   | Reached skill level 19 in Axes
 16866 | Lair:4   | Found a staircase to the Swamp.
 18216 | Lair:6   | Found a staircase to the Slime Pits.
 18705 | Lair:6   | Received a gift from Trog
 18711 | Lair:6   | Found a staircase to the Snake Pit.
 18761 | Lair:6   | Reached skill level 20 in Axes
 18821 | Lair:6   | Reached XP level 14. HP: 88/96 MP: 11/14
 19706 | Lair:7   | Received a gift from Trog
 19929 | Lair:8   | Entered Level 8 of the Lair of Beasts
 20627 | Lair:8   | Reached skill level 21 in Axes
 20827 | Lair:8   | Received a gift from Trog
 21286 | D:10     | Entered Level 10 of the Dungeon
 21526 | D:10     | Noticed Urug
 21528 | D:10     | Killed Urug
 21674 | D:10     | Gained mutation: You occasionally shout uncontrollably at your foes. [mutagenic meat]
 22719 | D:11     | Found Biulimm's Antique Armour Shop.
 22876 | D:11     | Bought a crude plate armour for 616 gold pieces
 22886 | D:11     | Identified the +7 plate armour of Huatifu {*Confuse rElec Regen+ Str+2} (You bought it in a shop on level 11 of the Dungeon)
 23294 | D:12     | Received a gift from Trog
 23325 | D:12     | Identified a scroll of acquirement
 23754 | D:12     | Found Jixkogif's Antique Weapon Shoppe.
 23875 | D:13     | Reached XP level 15. HP: 102/102 MP: 15/15
 23918 | D:13     | Received a gift from Trog
 23921 | D:13     | Got a polished battleaxe {god gift}
 23922 | D:13     | Identified the +5 battleaxe "Ybiavo" {drain, Int+3} (Trog gifted it to you on level 13 of the Dungeon)
 24052 | D:13     | Found a gate to the Vaults.
 24546 | D:13     | Noticed Josephine
 24560 | D:13     | Killed Josephine
 24645 | D:14     | Reached skill level 22 in Axes
 24726 | D:14     | Noticed Frances
 24738 | D:14     | Killed Frances
 24778 | D:14     | Noticed Sonja
 24800 | D:14     | Killed Sonja
 25543 | D:15     | Entered Level 15 of the Dungeon
 25544 | D:15     | Found a burning altar of Makhleb.
 25800 | D:15     | Reached skill level 5 in Fighting
 25811 | D:15     | Received a gift from Trog
 25815 | D:15     | Reached skill level 5 in Armour
 25838 | D:15     | Gained mutation: Your magical capacity is low (-10% MP). [mutagenic meat]
 25839 | D:15     | Gained mutation: Potions and wands are less effective at restoring your health. [mutagenic meat]
 25841 | D:15     | Gained mutation: You expend magic power (3 MP) to strengthen your wands. [mutagenic meat]
 25842 | D:15     | Gained mutation: Your muscles are strong. (Str +2) [mutagenic meat]
 25843 | D:15     | Gained mutation: You have a pair of small antennae on your head. [mutagenic meat]
 25844 | D:15     | Gained mutation: You possess an exceptional clarity of mind. [mutagenic meat]
 25847 | D:15     | Gained mutation: Your flesh is cold resistant. [mutagenic meat]
 26348 | D:15     | Found a staircase to the Depths.
 26491 | D:15     | Lost mutation: Your magical capacity is low (-10% MP). [potion of mutation]
 26491 | D:15     | Lost mutation: Potions and wands are less effective at restoring your health. [potion of mutation]
 26491 | D:15     | Gained mutation: Your system is resistant to poisons. [potion of mutation]
 26845 | Snake:1  | Entered Level 1 of the Snake Pit
 26916 | Snake:1  | Found Bemn's Antique Armour Boutique.
 26929 | Snake:1  | Bought a faintly humming chain mail for 323 gold pieces
 26939 | Snake:1  | Identified the +4 chain mail "Faen" {rN++ Int-4 Dex+7} (You bought it in a shop on level 1 of the Snake Pit)
 26975 | Snake:1  | Found Sietteim's Distillery.
 27276 | Snake:1  | Received a gift from Trog
 27343 | Snake:1  | Found Leugg's Antique Weapon Boutique.
 27425 | Snake:1  | Found Domnyd's Jewellery Emporium.
 27433 | Snake:1  | Bought an uncursed amulet of faith for 680 gold pieces
 27676 | Snake:2  | Found a runed door.
 27684 | Snake:2  | Gained mutation: You are robust (+10% HP). [demonic ancestry]
 27684 | Snake:2  | Reached XP level 16. HP: 21/126 MP: 3/16
 27685 | Snake:2  | HP: 5/189 [naga/flail (8)]
 27916 | Snake:2  | Noticed Aizul
 27938 | Snake:2  | Killed Aizul
 27942 | Snake:2  | Gained mutation: Potions and wands are less effective at restoring your health. [mutagenic meat]
 28246 | Snake:2  | Received a gift from Trog
 28842 | Snake:3  | HP: 6/130 [poisoned by a sea snake]
 29193 | Snake:3  | Received a gift from Trog
 29457 | Snake:3  | Got a scorched pewter ring
 29459 | Snake:3  | Identified the ring "Ostrior" {rC+ rN+} (You found it on level 3 of the Snake Pit)
 29501 | Snake:3  | Reached skill level 23 in Axes
 29531 | Snake:3  | Reached skill level 10 in Fighting
 29728 | Snake:4  | Entered Level 4 of the Snake Pit
 29821 | Snake:3  | Received a gift from Trog
 29828 | Snake:3  | Got a brightly glowing battleaxe {god gift}
 29829 | Snake:3  | Identified the +0 battleaxe of Reason {chop, +Blink} (Trog gifted it to you on level 3 of the Snake Pit)
 29916 | Snake:4  | Noticed Norris
 29930 | Snake:4  | Killed Norris
 29969 | Snake:4  | Gained mutation: You regenerate magic rapidly. [demonic ancestry]
 29969 | Snake:4  | Reached XP level 17. HP: 141/141 MP: 17/17
 30424 | Snake:4  | Reached skill level 10 in Armour
 30444 | Snake:4  | Gained mutation: You have supernaturally acute eyesight. [mutagenic meat]
 30498 | Snake:4  | Received a gift from Trog
 30872 | Snake:4  | Gained mutation: You are clumsy. (Dex -2) [mutagenic meat]
 30874 | Snake:4  | Gained mutation: You are very robust (+20% HP). [mutagenic meat]
 30875 | Snake:4  | Gained mutation: You are extremely robust (+30% HP). [mutagenic meat]
 30983 | Snake:4  | Received a gift from Trog
 31794 | Snake:4  | Received a gift from Trog
 31802 | Snake:4  | Lost mutation: You occasionally shout uncontrollably at your foes. [mutagenic meat]
 31806 | Snake:4  | Lost mutation: Your muscles are strong. (Str +2) [mutagenic meat]
 31807 | Snake:4  | Gained mutation: Your flesh is very cold resistant. [mutagenic meat]
 31817 | Snake:4  | Got a serpentine rune of Zot
 31944 | Snake:1  | Bought an executioner's axe for 290 gold pieces
 32055 | Swamp:1  | Entered Level 1 of the Swamp
 32281 | Swamp:1  | Noticed Nikola
 32301 | Swamp:1  | Killed Nikola
 32326 | Swamp:1  | Gained mutation: You regenerate a lot of health from kills. [demonic ancestry]
 32326 | Swamp:1  | Reached XP level 18. HP: 160/184 MP: 18/18
 33443 | Swamp:3  | Found a frozen archway.
 33459 | IceCv    | Entered an ice cave
 33478 | IceCv    | Received a gift from Trog
 33494 | IceCv    | Got a fine war axe {god gift}
 33495 | IceCv    | Identified the +10 war axe of Dawn {flame, rC+++ Int+4 Stlth-} (Trog gifted it to you in an ice cave)
 33639 | IceCv    | Got a translucent scale mail
 33650 | IceCv    | Identified the +5 scale mail "Baclexan" {MR+ MP+9 Int+3} (You found it in an ice cave)
 33900 | Swamp:3  | Reached skill level 24 in Axes
 34585 | Swamp:4  | Entered Level 4 of the Swamp
 34603 | Swamp:4  | Received a gift from Trog
 34848 | Swamp:4  | Got a decaying rune of Zot
 35263 | Swamp:4  | Received a gift from Trog
 35527 | Swamp:4  | Gained mutation: You passively map a small area around you. [potion of mutation]
 35528 | Swamp:4  | Gained mutation: Your spells are a little harder to cast, but a little more powerful. [potion of mutation]
 35528 | Swamp:4  | Lost mutation: You are clumsy. (Dex -2) [potion of mutation]
 35911 | Vaults:1 | Entered Level 1 of the Vaults
 35997 | Vaults:1 | Lost mutation: You passively map a small area around you. [mutagenic meat]
 35998 | Vaults:1 | Gained mutation: Your mind is acute. (Int +2) [mutagenic meat]
 36182 | Vaults:1 | Lost mutation: Your system is resistant to poisons. [mutagenic meat]
 36184 | Vaults:1 | Lost mutation: You have supernaturally acute eyesight. [mutagenic meat]
 36321 | Vaults:1 | Received a gift from Trog
 36410 | Vaults:1 | Reached skill level 25 in Axes
 36420 | Vaults:1 | Received a gift from Trog
 36487 | Vaults:1 | Gained mutation: You have a moderately thin skeletal structure (Dex +4, Stealth+). [demonic ancestry]
 36487 | Vaults:1 | Reached XP level 19. HP: 192/192 MP: 19/19
 36537 | Vaults:1 | Lost mutation: Your mind is acute. (Int +2) [mutagenic meat]
 36679 | Vaults:1 | Noticed Wiglaf
 36696 | Vaults:1 | Killed Wiglaf
 36996 | Vaults:1 | Gained mutation: Scrolls take you a little longer to read. [potion of mutation]
 36996 | Vaults:1 | Gained mutation: Armour fits poorly on your strangely shaped body. [potion of mutation]
 36997 | Vaults:1 | Lost mutation: You possess an exceptional clarity of mind. [potion of mutation]
 36997 | Vaults:1 | Lost mutation: You expend magic power (3 MP) to strengthen your wands. [potion of mutation]
 36998 | Vaults:1 | Lost mutation: Potions and wands are less effective at restoring your health. [potion of mutation]
 36998 | Vaults:1 | Gained mutation: You are clumsy. (Dex -2) [potion of mutation]
 37065 | Vaults:1 | Found a shadowy altar of Dithmenos.
 37087 | Vaults:1 | Lost mutation: Scrolls take you a little longer to read. [potion of mutation]
 37087 | Vaults:1 | Gained mutation: You are very clumsy. (Dex -4) [potion of mutation]
 37087 | Vaults:1 | Lost mutation: You are extremely robust (+30% HP). [potion of mutation]
 37290 | Vaults:2 | Noticed a bone dragon
 37305 | Vaults:2 | Killed a bone dragon
 37325 | Vaults:2 | Found a staircase to the Crypt.
 37531 | Vaults:2 | Noticed Mennas
 37544 | Vaults:2 | Found a gateway to a bazaar.
 37549 | Vaults:2 | Received a gift from Trog
 37583 | Bazaar   | Entered a bazaar
 37600 | Bazaar   | Found Juxy's Distillery.
 37600 | Bazaar   | Found Bexzog's Book Shoppe.
 37623 | Bazaar   | Found Pegyhealo's Book Emporium.
 37623 | Bazaar   | Found Oreq's Armour Shoppe.
 37666 | Bazaar   | Found Omyfroc's Armour Emporium.
 37666 | Bazaar   | Found Payfuju's Distillery.
 37702 | Bazaar   | Bought a potion of resistance for 120 gold pieces
 37702 | Bazaar   | Bought a potion of haste for 120 gold pieces
 37702 | Bazaar   | Bought a potion of haste for 120 gold pieces
 37702 | Bazaar   | Bought a potion of might for 48 gold pieces
 37702 | Bazaar   | Bought a potion of mutation for 30 gold pieces
 37702 | Bazaar   | Lost mutation: Armour fits poorly on your strangely shaped body. [potion of mutation]
 37702 | Bazaar   | Gained mutation: You have an unnaturally thin skeletal structure (Dex +6, Stealth++). [potion of mutation]
 37702 | Bazaar   | Gained mutation: Scrolls take you a little longer to read. [potion of mutation]
 37729 | Bazaar   | Bought the cursed +0 plate armour of Whack-A-Mole {-Tele MR++ rCorr Dex+8} for 417 gold pieces
 37743 | Bazaar   | Bought a potion of mutation for 27 gold pieces
 37743 | Bazaar   | Bought a potion of resistance for 110 gold pieces
 37743 | Bazaar   | Gained mutation: You have a pair of antennae on your head. [potion of mutation]
 37743 | Bazaar   | Gained mutation: You are weak. (Str -2) [potion of mutation]
 37886 | Vaults:2 | HP: 1/177 [Mennas/eudemon blade of holy wrath (16)]
 37886 | Vaults:2 | Slain by Mennas

Skill      XL: |  1  2  3  4  5  6  7  8  9 10 11 12 13 14 15 16 17 18 |
---------------+-------------------------------------------------------+-----
Axes           | 3 4 5 6 7 9 11 13 15 16 18 20 21 22 23 25 | 25.6
Armour         | 4 6 9 11 | 11.3
Fighting       | 4 7 10 12 | 12.8
Dodging        | |  1.7

Action                   |  1- 3 |  4- 6 |  7- 9 | 10-12 | 13-15 | 16-18 | 19-21 || total
-------------------------+-------+-------+-------+-------+-------+-------+-------++-------
Melee: Hand axe          |   163 |    85 |   135 |   593 |    12 |       |       ||   988
       Kick              |       |    32 |   139 |   268 |   447 |   518 |    75 ||  1479
       War axe           |       |    16 |   206 |       |       |       |       ||   222
       Battleaxe         |       |       |    74 |   162 |  1198 |   755 |       ||  2189
       Executioner's axe |       |       |       |    75 |    53 |   668 |   186 ||   982
Invok: Berserk           |     3 |     7 |    12 |    42 |    31 |    17 |     5 ||   117
       Brothers in Arms  |       |       |       |     4 |     1 |       |       ||     5
       Trog's Hand       |       |       |       |     2 |       |     3 |       ||     5
       Burn Spellbooks   |       |       |       |     2 |     3 |     2 |       ||     7
Evoke: Wand              |       |       |     3 |     3 |       |       |     1 ||     7
  Use: Scroll            |       |       |     6 |     9 |    20 |    16 |       ||    51
       Potion            |       |       |       |     1 |     1 |     2 |     7 ||    11
 Stab: Sleeping          |     2 |       |       |       |       |       |       ||     2
       Distracted        |       |       |       |     2 |       |       |       ||     2
       Confused          |       |       |       |     2 |       |       |       ||     2
  Eat: Chunk             |     6 |    11 |    22 |    67 |    97 |    47 |    10 ||   260
       Bread ration      |       |       |     1 |       |       |       |       ||     1
       Pizza             |       |       |       |     2 |     1 |     8 |       ||    11
       Fruit             |       |       |       |       |     3 |     5 |       ||     8
       Royal jelly       |       |       |       |       |     1 |       |       ||     1
Armor: Animal skin       |    10 |       |       |       |       |       |       ||    10
       Chain mail        |    58 |    52 |   101 |   154 |   340 |       |    49 ||   754
       Plate armour      |       |       |   126 |    69 |   303 |   961 |    22 ||  1481
Dodge: Dodged            |    99 |    29 |   130 |   251 |   410 |   466 |    67 ||  1452
